BSA
SAN FRANCISCO BANDITS @ SO CAL BRUINS
07/06/2028
 
TOP OF THE 1ST
San Francisco Bandits batting - Pitching for So Cal Bruins : RHP Flint Gray
Pitching: RHP Flint Gray
Batting: RHB Raúl Bruno 0-0: Ground out 1-3 (Groundball, P)
Batting: LHB Seung-woo Yi 0-0: Foul Ball, location: 2F
0-1: Ball
1-1: Reached on error, E3 (Groundball, 3)
Batting: RHB Owen Carter 0-0: Ball
1-0: Called Strike
1-1: Ball
2-1: SINGLE (Line Drive, 6MD)
Seung-woo Yi to second
Batting: LHB Mario García 0-0: Ball
1-0: Called Strike
1-1: Ball
2-1: Fly out, F9 (Flyball, 9LS)
Batting: RHB Glenn Melican 0-0: Called Strike
0-1: Fielders Choice at 2nd, 5-4 (Groundball, 56)
Top of the 1st over - 0 run(s), 1 hit(s), 1 error(s), 1 left on base; San Francisco 0 - So Cal 0
BOTTOM OF THE 1ST
So Cal Bruins batting - Pitching for San Francisco Bandits : RHP Carlos Ledezma
Pitching: RHP Carlos Ledezma
Batting: LHB Jesús Campos 0-0: Ball
1-0: Ball
2-0: Fly out, F8 (Flyball, 78XD)
Batting: RHB William Richardson 0-0: Called Strike
0-1: Ground out 1-3 (Groundball, 13)
Batting: LHB José Antonio Santiago 0-0: Called Strike
0-1: Fly out, F8 (Line Drive, 8LD)
Bottom of the 1st over - 0 run(s), 0 hit(s), 0 error(s), 0 left on base; San Francisco 0 - So Cal 0
TOP OF THE 2ND
San Francisco Bandits batting - Pitching for So Cal Bruins : RHP Flint Gray
Batting: LHB Anacleto Morillo 0-0: Ball
1-0: Ball
2-0: Foul Ball, location: 2F
2-1: Fly out, F7 (Flyball, 7D)
Batting: RHB Scott Merritt 0-0: SINGLE (Flyball, 8RS)
Batting: RHB Ramón Ruíz 0-0: Ball
1-0: Called Strike
1-1: Fly out, F5 (Popup, 56S)
Batting: LHB Alberto Gómez 0-0: Ball
1-0: Ball
2-0: Foul Ball, location: 2F
2-1: Ball
3-1: Foul Ball, location: 2F
3-2: Strikes out swinging
Top of the 2nd over - 0 run(s), 1 hit(s), 0 error(s), 1 left on base; San Francisco 0 - So Cal 0
BOTTOM OF THE 2ND
So Cal Bruins batting - Pitching for San Francisco Bandits : RHP Carlos Ledezma
Batting: LHB Kiyonaga Morita 0-0: Fly out, F5 (Popup, 5D)
Batting: LHB Jeff Carter 0-0: Called Strike
0-1: Ground out 1-3 (Groundball, 13S)
Batting: RHB Lawrence Schroeder 0-0: Ground out U3 (Groundball, 34S)
Bottom of the 2nd over - 0 run(s), 0 hit(s), 0 error(s), 0 left on base; San Francisco 0 - So Cal 0
TOP OF THE 3RD
San Francisco Bandits batting - Pitching for So Cal Bruins : RHP Flint Gray
Batting: RHB Raúl Bruno 0-0: Called Strike
0-1: Called Strike
0-2: Foul Ball, location: 2F
0-2: Ball
1-2: Foul Ball, location: 2F
1-2: Ball
2-2: Strikes out swinging
Batting: LHB Seung-woo Yi 0-0: Ball
1-0: Called Strike
1-1: DOUBLE (Line Drive, 7LS)
Batting: RHB Owen Carter 0-0: Called Strike
0-1: Fly out, F8 (Line Drive, 8RD)
Runner from 2nd tags up, SAFE at 3rd, no throw
Batting: LHB Mario García 0-0: Ball
1-0: Called Strike
1-1: Swinging Strike
1-2: Strikes out swinging
Top of the 3rd over - 0 run(s), 1 hit(s), 0 error(s), 1 left on base; San Francisco 0 - So Cal 0
BOTTOM OF THE 3RD
So Cal Bruins batting - Pitching for San Francisco Bandits : RHP Carlos Ledezma
Batting: RHB Juan Valverde 0-0: Ball
1-0: Called Strike
1-1: Fly out, F3 (Line Drive, 3L)
Batting: LHB César Valentín 0-0: Fly out, F8 (Flyball, 8RD)
Batting: RHB Morgan Gibbon 0-0: Ball
1-0: Called Strike
1-1: DOUBLE (Line Drive, 7LM)
Batting: LHB Jesús Campos 0-0: Ball
1-0: Foul Ball, location: 2F
1-1: Ball
2-1: Foul Ball, location: 2F
2-2: Fly out, F7 (Flyball, 7S)
Bottom of the 3rd over - 0 run(s), 1 hit(s), 0 error(s), 1 left on base; San Francisco 0 - So Cal 0
TOP OF THE 4TH
San Francisco Bandits batting - Pitching for So Cal Bruins : RHP Flint Gray
Batting: RHB Glenn Melican 0-0: Ball
1-0: Foul Ball, location: 2F
1-1: Ball
2-1: Called Strike
2-2: Foul Ball, location: 2F
2-2: SINGLE (Line Drive, 78S)
Batting: LHB Anacleto Morillo 0-0: Ball
1-0: Foul Ball, location: 2F
1-1: Foul Ball, location: 2F
1-2: Foul Ball, location: 2F
1-2: Foul Ball, location: 2F
1-2: Fly out, F9 (Flyball, 9D)
Batting: RHB Scott Merritt 0-0: Ball
1-0: Fly out, F8 (Flyball, 78D)
Batting: RHB Ramón Ruíz 0-0: Ball
1-0: Called Strike
1-1: Ball
2-1: Foul Ball, location: 2F
2-2: Strikes out looking
Top of the 4th over - 0 run(s), 1 hit(s), 0 error(s), 1 left on base; San Francisco 0 - So Cal 0
BOTTOM OF THE 4TH
So Cal Bruins batting - Pitching for San Francisco Bandits : RHP Carlos Ledezma
Batting: RHB William Richardson 0-0: Called Strike
0-1: Foul Ball, location: 2F
0-2: TRIPLE (Line Drive, 8LM)
Batting: LHB José Antonio Santiago 0-0: Fly out, F3 (Popup, 3L)
Batting: LHB Kiyonaga Morita 0-0: Called Strike
0-1: Called Strike
0-2: Foul Ball, location: 2F
0-2: Ball
1-2: Foul Ball, location: 2F
1-2: Foul Ball, location: 2F
1-2: Ball
2-2: Foul Ball, location: 2F
2-2: Foul Ball, location: 2F
2-2: Ball
3-2: Foul Ball, location: 2F
3-2: Fly out, F5 (Line Drive, 5S)
Batting: LHB Jeff Carter 0-0: Foul Ball, location: 2F
0-1: Foul Ball, location: 2F
0-2: Foul Ball, location: 2F
0-2: Strikes out looking
Bottom of the 4th over - 0 run(s), 1 hit(s), 0 error(s), 1 left on base; San Francisco 0 - So Cal 0
TOP OF THE 5TH
San Francisco Bandits batting - Pitching for So Cal Bruins : RHP Flint Gray
Batting: LHB Alberto Gómez 0-0: Ball
1-0: Ball
2-0: SINGLE (Groundball, 56) (infield hit)
Batting: RHB Raúl Bruno 0-0: Foul Ball, location: 2F
0-1: Ball
1-1: Foul Ball, location: 2F
1-2: SINGLE (Flyball, 4MD)
Alberto Gómez to second
Batting: LHB Seung-woo Yi 0-0: Fly out, F9 (Line Drive, 9D)
Runner from 2nd tags up, SAFE at 3rd, no throw
Batting: RHB Owen Carter 0-0: Ball
1-0: Ball
2-0: Grounds into double play, 6-4-3 (Groundball, 6)
Top of the 5th over - 0 run(s), 2 hit(s), 0 error(s), 1 left on base; San Francisco 0 - So Cal 0
BOTTOM OF THE 5TH
So Cal Bruins batting - Pitching for San Francisco Bandits : RHP Carlos Ledezma
Batting: RHB Lawrence Schroeder 0-0: Foul Ball, location: 2F
0-1: Ball
1-1: Ground out 5-3 (Groundball, 56)
Batting: RHB Juan Valverde 0-0: Foul Ball, location: 2F
0-1: Ground out 6-3 (Groundball, 56)
Batting: LHB César Valentín 0-0: Foul Ball, location: 2F
0-1: Ball
1-1: Ball
2-1: Ball
3-1: Fly out, F7 (Flyball, 7LM)
Bottom of the 5th over - 0 run(s), 0 hit(s), 0 error(s), 0 left on base; San Francisco 0 - So Cal 0
TOP OF THE 6TH
San Francisco Bandits batting - Pitching for So Cal Bruins : RHP Flint Gray
Batting: LHB Mario García 0-0: Fly out, F8 (Flyball, 8LD)
Batting: RHB Glenn Melican 0-0: Ground out 5-3 (Groundball, 56S)
Batting: LHB Anacleto Morillo 0-0: Called Strike
0-1: Called Strike
0-2: Fly out, F8 (Flyball, 8LM)
Top of the 6th over - 0 run(s), 0 hit(s), 0 error(s), 0 left on base; San Francisco 0 - So Cal 0
BOTTOM OF THE 6TH
So Cal Bruins batting - Pitching for San Francisco Bandits : RHP Carlos Ledezma
Batting: RHB Morgan Gibbon 0-0: Ball
1-0: Ball
2-0: Ball
3-0: Base on Balls
Batting: LHB Jesús Campos 0-0: Called Strike
0-1: SINGLE (Groundball, 23) (infield hit)
Morgan Gibbon to second
Batting: RHB William Richardson 0-0: Called Strike
0-1: Foul Ball, location: 2F
0-2: Ball
1-2: Ball
2-2: Fly out, F8 (Flyball, 8RXD)
Runner from 2nd tags up, SAFE at 3rd, no throw
Batting: LHB José Antonio Santiago 0-0: Ball
1-0: Foul Ball, location: 2F
1-1: Called Strike
1-2: 3-RUN HOME RUN (Flyball, 89XD), Distance : 403 ft
Batting: LHB Kiyonaga Morita 0-0: Ball
1-0: Ground out U3 (Groundball, 34)
Batting: LHB Jeff Carter 0-0: Ball
1-0: SINGLE (Line Drive, 4M)
Batting: RHB Lawrence Schroeder 0-0: Foul Ball, location: 2F
0-1: Ball
1-1: Foul Ball, location: 2F
1-2: Fly out, F7 (Flyball, 7)
Bottom of the 6th over - 3 run(s), 3 hit(s), 0 error(s), 1 left on base; San Francisco 0 - So Cal 3
TOP OF THE 7TH
San Francisco Bandits batting - Pitching for So Cal Bruins : RHP Flint Gray
Batting: RHB Scott Merritt 0-0: Foul Ball, location: 2F
0-1: SINGLE (Line Drive, 4D)
Batting: RHB Ramón Ruíz 0-0: Called Strike
0-1: Ball
Scott Merritt steals 2nd base
1-1: Ball
2-1: Ground out 3-1 (Groundball, 34)
Scott Merritt to third
Batting: LHB Alberto Gómez 0-0: Ball
1-0: Swinging Strike
1-1: Ground out 4-3 (Groundball, 34D)
Scott Merritt scores
Batting: RHB Raúl Bruno 0-0: Foul Ball, location: 2F
0-1: Called Strike
0-2: Ball
1-2: Ground out 4-3 (Groundball, 4)
Top of the 7th over - 1 run(s), 1 hit(s), 0 error(s), 0 left on base; San Francisco 1 - So Cal 3
BOTTOM OF THE 7TH
So Cal Bruins batting - Pitching for San Francisco Bandits : RHP Carlos Ledezma
Batting: RHB Juan Valverde 0-0: Foul Ball, location: 2F
0-1: Ball
1-1: Ball
2-1: Foul Ball, location: 2F
2-2: Foul Ball, location: 2F
2-2: Foul Ball, location: 2F
2-2: SINGLE (Groundball, 5D)
Batting: LHB César Valentín 0-0: Bunted foul
0-1: Sac Bunt - play at first, batter OUT! 1-4
Juan Valverde to second
Batting: RHB Morgan Gibbon 0-0: Ball
1-0: Ground out 5-3 (Groundball, 56)
Batting: LHB Jesús Campos 0-0: Foul Ball, location: 2F
0-1: Ball
1-1: Ball
2-1: Foul Ball, location: 2F
2-2: Ball
3-2: Base on Balls
Batting: RHB William Richardson 0-0: Called Strike
0-1: Ball
1-1: Ball
2-1: SINGLE (Groundball, 6MD)
Juan Valverde to third
Jesús Campos to second
Runner from 3rd tries for Home, SAFE, no throw
Batting: LHB José Antonio Santiago 0-0: Ball
1-0: Foul Ball, location: 2F
1-1: Fly out, F9 (Flyball, 9LS)
Bottom of the 7th over - 1 run(s), 2 hit(s), 0 error(s), 2 left on base; San Francisco 1 - So Cal 4
TOP OF THE 8TH
San Francisco Bandits batting - Pitching for So Cal Bruins : RHP Flint Gray
Batting: LHB Seung-woo Yi 0-0: Ball
1-0: Ball
2-0: Foul Ball, location: 2F
2-1: Fly out, F7 (Flyball, 7)
Batting: RHB Owen Carter 0-0: Swinging Strike
0-1: Ball
1-1: Ball
2-1: Called Strike
2-2: Foul Ball, location: 2F
2-2: Foul Ball, location: 2F
2-2: Strikes out swinging wild pitch, reaches first!
Pitching: RHP Masahiko Okada
Batting: LHB Mario García 0-0: Ball
1-0: Ball
2-0: Called Strike
2-1: Swinging Strike
2-2: Foul Ball, location: 2F
2-2: Strikes out swinging
Batting: RHB Glenn Melican 0-0: Ball
1-0: Called Strike
1-1: Ball
2-1: Ball
3-1: Called Strike
3-2: Strikes out swinging
Top of the 8th over - 0 run(s), 0 hit(s), 0 error(s), 1 left on base; San Francisco 1 - So Cal 4
BOTTOM OF THE 8TH
So Cal Bruins batting - Pitching for San Francisco Bandits : RHP Carlos Ledezma
Pitching: RHP Felipe Reyes
Batting: LHB Kiyonaga Morita 0-0: Foul Ball, location: 2F
0-1: Foul Ball, location: 2F
0-2: Strikes out looking
Batting: LHB Jeff Carter 0-0: SINGLE (Line Drive, 8RS)
Batting: RHB Lawrence Schroeder 0-0: Called Strike
0-1: Swinging Strike
0-2: Ball
1-2: Strikes out swinging
Batting: RHB Juan Valverde 0-0: Called Strike
0-1: Called Strike
0-2: Ball
1-2: Ball
2-2: Foul Ball, location: 2F
2-2: Ball
3-2: Foul Ball, location: 2F
3-2: Fly out, F7 (Flyball, 7D)
Bottom of the 8th over - 0 run(s), 1 hit(s), 0 error(s), 1 left on base; San Francisco 1 - So Cal 4
TOP OF THE 9TH
San Francisco Bandits batting - Pitching for So Cal Bruins : RHP Masahiko Okada
Pitching: RHP Jerry Good
Batting: LHB Anacleto Morillo 0-0: Ball
1-0: Ball
2-0: Foul Ball, location: 2F
2-1: SINGLE (Line Drive, 4MD)
Batting: RHB Scott Merritt 0-0: Swinging Strike
0-1: Fly out, F2 (Popup, 15S)
Batting: RHB Ramón Ruíz 0-0: Foul Ball, location: 2F
0-1: Swinging Strike
0-2: Strikes out swinging
Batting: LHB Alberto Gómez 0-0: Ball
1-0: Foul Ball, location: 2F
1-1: Swinging Strike
1-2: Foul Ball, location: 2F
1-2: Fly out, F9 (Flyball, 89S)
Top of the 9th over - 0 run(s), 1 hit(s), 0 error(s), 1 left on base; San Francisco 1 - So Cal 4
Tuesday, August 8th, 2017 - OOTP Baseball 17.12 Build 75